AoeStats
← EeeZee3

Glade

512948007Analyzed
1v1 RM · 5d ago on Oct 11, 2026· 27m 44s· 2 players
Game mode
Random Map
Map size
Tiny (2 player)
Population
200
Speed
Normal
Resources
Standard
Victory
Conquest
Starting age
Dark Age
Ending age
Imperial Age
RankedLock teamsTeams togetherTeam positionsShared explorationLock speedFull tech treeHidden civsTurbo modeCheats
Victory
Defeat
🇨🇭 Saxons · Switzerland
721
+17
vs
🇹🇷 Spanish · Türkiye
741
-17
EeeZee3
0:26 Loom
10:52 Feudal Age
11:46 Double-Bit Axe
13:16 Horse Collar
16:12 Arson
16:31 Fletching
16:43 Scale Mail Armor
17:59 Man-at-Arms
19:03 Town Watch
20:25 Forging
21:47 Gold Mining
29:13 Castle Age
benibulgaravel
4:23 Loom
11:02 Feudal Age
17:45 Castle Age
17:52 Man-at-Arms
18:58 Forging
19:13 Squires
18:54 Long Swordsman
20:21 Gambesons
21:34 Scale Mail Armor
23:06 Elite Skirmisher
Connection lost

Rejoining the realm…

Still unreachable

The connection could not be restored.

Session expired

The server has moved on; the page needs a fresh start.